| TOP OF THE 1ST |
|
Buffalo Bisons batting - Pitching for Toledo Mud Hens : RHP Marty Hulse
|
|
Pitching: RHP Marty Hulse
|
|
|
Batting: RHB Juan Villa
|
0-0: Swinging Strike 0-1: Foul Ball, location: 2F 0-2: Fly out, F9 (Flyball, 89S, EV 91.9 MPH)
|
|
Batting: LHB Phillip Baskerville
|
0-0: Called Strike 0-1: Ball 1-1: Foul Ball, location: 2F 1-2: Ball 2-2: Ball 3-2: Foul Ball, location: 2F 3-2: Foul Ball, location: 2F 3-2: Strikes out looking
|
|
Batting: SHB George D Wright
|
0-0: TRIPLE (Flyball, 78XD, EV 104.4 MPH)
|
|
Batting: LHB Gary Rajsich
|
0-0: Ball 1-0: Foul Ball, location: 2F 1-1: Called Strike 1-2: Strikes out looking
|
| Top of the 1st over - 0 runs, 1 hit, 0 errors, 1 left on base; Buffalo 0 - Toledo 0 |
| BOTTOM OF THE 1ST |
|
Toledo Mud Hens batting - Pitching for Buffalo Bisons : RHP Rick Ownbey
|
|
Pitching: RHP Rick Ownbey
|
|
|
Batting: RHB Joey McEndree
|
0-0: Swinging Strike 0-1: Ground out 5-3 (Groundball, 5, EV 91.3 MPH)
|
|
Batting: LHB Ron Diggle
|
0-0: Ball 1-0: Foul Ball, location: 2F 1-1: Ball 2-1: Ground out U3 (Groundball, 34S, EV 93.1 MPH)
|
|
Batting: SHB Ken Henderson
|
0-0: Called Strike 0-1: Ball 1-1: SINGLE (Line Drive, 89S, EV 107.5 MPH)
|
|
Batting: LHB Jerry Tabb
|
0-0: Ball 1-0: Ground out 1-3 (Groundball, 13S, EV 70.0 MPH)
|
| Bottom of the 1st over - 0 runs, 1 hit, 0 errors, 1 left on base; Buffalo 0 - Toledo 0 |
| TOP OF THE 2ND |
|
Buffalo Bisons batting - Pitching for Toledo Mud Hens : RHP Marty Hulse
|
|
Batting: RHB Bill Bathe
|
0-0: Ball 1-0: Ball 2-0: Swinging Strike 2-1: Ball 3-1: Base on Balls
|
|
Batting: LHB Bob Skube
|
0-0: Ball 1-0: Ball 2-0: Foul Ball, location: 2F 2-1: Foul Ball, location: 2F 2-2: Foul Ball, location: 2F 2-2: Strikes out swinging
|
|
Batting: RHB Pat Keedy
|
0-0: Called Strike 0-1: Ball 1-1: Fielders Choice at 2nd, 3-6 (Groundball, 34S, EV 86.3 MPH)
|
|
Batting: RHB Stephen Chandler
|
0-0: Ball 1-0: Foul Ball, location: 2F 1-1: Foul Ball, location: 2F 1-2: Foul Ball, location: 2F 1-2: Strikes out looking
|
| Top of the 2nd over - 0 runs, 0 hits, 0 errors, 1 left on base; Buffalo 0 - Toledo 0 |
| BOTTOM OF THE 2ND |
|
Toledo Mud Hens batting - Pitching for Buffalo Bisons : RHP Rick Ownbey
|
|
Batting: RHB Milt Jefferson
|
0-0: Ball 1-0: Called Strike 1-1: Ball 2-1: Called Strike 2-2: Foul Ball, location: 2F 2-2: Foul Ball, location: 2F 2-2: Ground out 6-3 (Groundball, 6S, EV 85.0 MPH)
|
|
Batting: RHB Dennis Odom
|
0-0: Called Strike 0-1: Ball 1-1: Ball 2-1: Ground out 1-3 (Groundball, 13S, EV 65.0 MPH)
|
|
Batting: LHB George LaCoe
|
0-0: Called Strike 0-1: Ball 1-1: Foul Ball, location: 2F 1-2: Ball 2-2: SINGLE (Line Drive, 8RS, EV 89.4 MPH)
|
|
Batting: RHB Gary Allenson
|
0-0: Foul Ball, location: 2F 0-1: Ball 1-1: Foul Ball, location: 2F 1-2: Ball 2-2: Ground out 4-3 (Groundball, 34, EV 80.0 MPH)
|
| Bottom of the 2nd over - 0 runs, 1 hit, 0 errors, 1 left on base; Buffalo 0 - Toledo 0 |
| TOP OF THE 3RD |
|
Buffalo Bisons batting - Pitching for Toledo Mud Hens : RHP Marty Hulse
|
|
Batting: RHB Nicholas Kintz
|
0-0: Called Strike 0-1: Ball 1-1: Swinging Strike 1-2: Foul Ball, location: 2F 1-2: Ball 2-2: Ball 3-2: Strikes out swinging
|
|
Batting: RHB Juan Villa
|
0-0: Ball 1-0: Fly out, F4 (Flyball, 34D, EV 78.8 MPH)
|
|
Batting: LHB Phillip Baskerville
|
0-0: Foul Ball, location: 2F 0-1: Swinging Strike 0-2: Ball 1-2: Foul Ball, location: 2F 1-2: Strikes out swinging
|
| Top of the 3rd over - 0 runs, 0 hits, 0 errors, 0 left on base; Buffalo 0 - Toledo 0 |
| BOTTOM OF THE 3RD |
|
Toledo Mud Hens batting - Pitching for Buffalo Bisons : RHP Rick Ownbey
|
|
Batting: RHB Al Cowens
|
0-0: Fly out, F8 (Flyball, 8RXD, EV 100.0 MPH)
|
|
Batting: RHB Joey McEndree
|
0-0: Called Strike 0-1: Ball 1-1: Foul Ball, location: 2F 1-2: Foul Ball, location: 2F 1-2: Ball 2-2: Ball 3-2: SOLO HOME RUN (Line Drive, 7D, EV 107.5 MPH), Distance : 385 ft
|
|
Batting: LHB Ron Diggle
|
0-0: Called Strike 0-1: Ball 1-1: Foul Ball, location: 2F 1-2: Ball 2-2: Strikes out looking
|
|
Batting: SHB Ken Henderson
|
0-0: Foul Ball, location: 2F 0-1: Ball 1-1: Foul Ball, location: 2F 1-2: Strikes out swinging
|
| Bottom of the 3rd over - 1 run, 1 hit, 0 errors, 0 left on base; Buffalo 0 - Toledo 1 |
| TOP OF THE 4TH |
|
Buffalo Bisons batting - Pitching for Toledo Mud Hens : RHP Marty Hulse
|
|
Batting: SHB George D Wright
|
0-0: Ground out 5-3 (Groundball, 5, EV 88.1 MPH)
|
|
Batting: LHB Gary Rajsich
|
0-0: Ball 1-0: Ball 2-0: Ball 3-0: Called Strike 3-1: Base on Balls
|
|
Batting: RHB Bill Bathe
|
0-0: Swinging Strike 0-1: Fly out, F8 (Line Drive, 8LM, EV 92.5 MPH)
|
|
Batting: LHB Bob Skube
|
0-0: Ball 1-0: Called Strike 1-1: Foul Ball, location: 2F 1-2: Foul Ball, location: 2F 1-2: Strikes out looking
|
| Top of the 4th over - 0 runs, 0 hits, 0 errors, 1 left on base; Buffalo 0 - Toledo 1 |
| BOTTOM OF THE 4TH |
|
Toledo Mud Hens batting - Pitching for Buffalo Bisons : RHP Rick Ownbey
|
|
Batting: LHB Jerry Tabb
|
0-0: Ball 1-0: Ground out 4-3 (Groundball, 4, EV 109.4 MPH)
|
|
Batting: RHB Milt Jefferson
|
0-0: Called Strike 0-1: Ball 1-1: Ground out 6-3 (Groundball, 6, EV 108.1 MPH)
|
|
Batting: RHB Dennis Odom
|
0-0: Ball 1-0: Ball 2-0: Ball 3-0: Base on Balls
|
|
Batting: LHB George LaCoe
|
0-0: Ground out 4-3 (Groundball, 4D, EV 83.1 MPH)
|
| Bottom of the 4th over - 0 runs, 0 hits, 0 errors, 1 left on base; Buffalo 0 - Toledo 1 |
| TOP OF THE 5TH |
|
Buffalo Bisons batting - Pitching for Toledo Mud Hens : RHP Marty Hulse
|
|
Batting: RHB Pat Keedy
|
0-0: Fly out, F8 (Flyball, 8LS, EV 72.5 MPH)
|
|
Batting: RHB Stephen Chandler
|
0-0: Called Strike 0-1: Ball 1-1: Ball 2-1: Ball 3-1: Base on Balls
|
|
Batting: RHB Nicholas Kintz
|
0-0: Ball 1-0: Ball 2-0: Ball 3-0: Base on Balls Stephen Chandler to second
|
|
Batting: RHB Juan Villa
|
0-0: Ball 1-0: Ball 2-0: Fly out, F9 (Line Drive, 9, EV 101.3 MPH)
|
|
Batting: LHB Phillip Baskerville
|
0-0: Ball 1-0: Called Strike 1-1: Ball 2-1: Ball 3-1: Base on Balls Stephen Chandler to third Nicholas Kintz to second
|
|
Batting: SHB George D Wright
|
0-0: Ball 1-0: Called Strike 1-1: Swinging Strike 1-2: Foul Ball, location: 2F 1-2: Strikes out swinging
|
| Top of the 5th over - 0 runs, 0 hits, 0 errors, 3 left on base; Buffalo 0 - Toledo 1 |
| BOTTOM OF THE 5TH |
|
Toledo Mud Hens batting - Pitching for Buffalo Bisons : RHP Rick Ownbey
|
|
Batting: RHB Gary Allenson
|
0-0: DOUBLE (Line Drive, 89D, EV 103.8 MPH)
|
|
Batting: RHB Al Cowens
|
0-0: Called Strike 0-1: Foul Ball, location: 2F 0-2: Ball 1-2: Ground out 6-3 (Groundball, 6, EV 89.4 MPH)
|
|
Batting: RHB Joey McEndree
|
0-0: Called Strike 0-1: Ball 1-1: Ball 2-1: Swinging Strike 2-2: Ball 3-2: Strikes out swinging
|
|
Batting: LHB Ron Diggle
|
0-0: Ball 1-0: Foul Ball, location: 2F 1-1: Ground out 1-3 (Groundball, 34S, EV 76.9 MPH)
|
| Bottom of the 5th over - 0 runs, 1 hit, 0 errors, 1 left on base; Buffalo 0 - Toledo 1 |
| TOP OF THE 6TH |
|
Buffalo Bisons batting - Pitching for Toledo Mud Hens : RHP Marty Hulse
|
|
Batting: LHB Gary Rajsich
|
0-0: Ball 1-0: Ball 2-0: Foul Ball, location: 2F 2-1: Foul Ball, location: 2F 2-2: Fly out, F4 (Popup, 4MS, EV 65.6 MPH)
|
|
Batting: RHB Bill Bathe
|
0-0: Called Strike 0-1: Called Strike 0-2: Foul Ball, location: 2F 0-2: Strikes out looking
|
|
Batting: LHB Bob Skube
|
0-0: Called Strike 0-1: Foul Ball, location: 2F 0-2: Ball 1-2: Foul Ball, location: 2F 1-2: TRIPLE (Flyball, 78XD, EV 88.1 MPH)
|
|
Batting: RHB Pat Keedy
|
0-0: Ground out 5-3 (Groundball, 5L, EV 89.4 MPH)
|
| Top of the 6th over - 0 runs, 1 hit, 0 errors, 1 left on base; Buffalo 0 - Toledo 1 |
| BOTTOM OF THE 6TH |
|
Toledo Mud Hens batting - Pitching for Buffalo Bisons : RHP Rick Ownbey
|
|
Batting: SHB Ken Henderson
|
0-0: Foul Ball, location: 2F 0-1: SOLO HOME RUN (Line Drive, 89XD, EV 96.9 MPH), Distance : 396 ft
|
|
Batting: LHB Jerry Tabb
|
0-0: Called Strike 0-1: DOUBLE (Line Drive, 3D, EV 98.8 MPH)
|
|
Batting: RHB Milt Jefferson
|
0-0: Foul Ball, location: 2F 0-1: Swinging Strike 0-2: Foul Ball, location: 2F 0-2: Strikes out swinging
|
|
Batting: RHB Dennis Odom
|
0-0: Ball 1-0: Ball 2-0: Called Strike 2-1: Ball 3-1: Foul Ball, location: 2F 3-2: Foul Ball, location: 2F 3-2: Strikes out swinging
|
|
Batting: LHB George LaCoe
|
0-0: Ball 1-0: Fly out, F6 (Popup, 4MS, EV 76.9 MPH)
|
| Bottom of the 6th over - 1 run, 2 hits, 0 errors, 1 left on base; Buffalo 0 - Toledo 2 |
| TOP OF THE 7TH |
|
Buffalo Bisons batting - Pitching for Toledo Mud Hens : RHP Marty Hulse
|
|
Batting: RHB Stephen Chandler
|
0-0: Ball 1-0: Swinging Strike 1-1: Swinging Strike 1-2: Ball 2-2: Ball 3-2: Foul Ball, location: 2F 3-2: Strikes out swinging
|
|
Batting: RHB Nicholas Kintz
|
0-0: Ball 1-0: Called Strike 1-1: Foul Ball, location: 7LSF, Error on foul ball, E7 1-2: Foul Ball, location: 2F 1-2: Foul Ball, location: 2F 1-2: SINGLE (Groundball, 6M, EV 86.3 MPH) (infield hit)
|
|
Batting: RHB Juan Villa
|
0-0: Called Strike 0-1: Foul Ball, location: 2F 0-2: Foul Ball, location: 2F 0-2: Ball 1-2: Ball 2-2: Grounds into double play, 6-4-3 (Groundball, 6, EV 85.6 MPH)
|
| Top of the 7th over - 0 runs, 1 hit, 1 error, 0 left on base; Buffalo 0 - Toledo 2 |
| BOTTOM OF THE 7TH |
|
Toledo Mud Hens batting - Pitching for Buffalo Bisons : RHP Rick Ownbey
|
|
Batting: RHB Gary Allenson
|
0-0: Ball 1-0: Foul Ball, location: 2F 1-1: Ball 2-1: Ball 3-1: Base on Balls
|
|
Batting: RHB Al Cowens
|
0-0: Ball 1-0: Foul Ball, location: 2F 1-1: Ball 2-1: Foul Ball, location: 2F 2-2: Fly out, F7 (Flyball, 7LM, EV 95.6 MPH)
|
|
Batting: RHB Joey McEndree
|
0-0: Foul Ball, location: 2F 0-1: Ball 1-1: Foul Ball, location: 2F 1-2: Foul Ball, location: 2F 1-2: Fly out, F3 (Popup, 23F, EV 81.3 MPH)
|
|
Batting: LHB Ron Diggle
|
0-0: Fly out, F7 (Flyball, 78M, EV 89.4 MPH)
|
| Bottom of the 7th over - 0 runs, 0 hits, 0 errors, 1 left on base; Buffalo 0 - Toledo 2 |
| TOP OF THE 8TH |
|
Buffalo Bisons batting - Pitching for Toledo Mud Hens : RHP Marty Hulse
|
|
Batting: LHB Phillip Baskerville
|
0-0: Ball 1-0: Ball 2-0: Called Strike 2-1: Ball 3-1: Base on Balls
|
|
Pitching: RHP Bob Stanley
|
|
|
Batting: SHB George D Wright
|
0-0: Called Strike 0-1: Swinging Strike 0-2: Ball 1-2: Ball 2-2: SINGLE (Line Drive, 34D, EV 96.3 MPH) Phillip Baskerville to second Runner from 2nd tries for 3rd, SAFE, throw by RF made to third
|
|
Batting: LHB Gary Rajsich
|
0-0: Foul Ball, location: 2F 0-1: Ball 1-1: Swinging Strike 1-2: Ball 2-2: Ball 3-2: Foul Ball, location: 2F 3-2: Foul Ball, location: 2F 3-2: Base on Balls George D Wright to second
|
|
Pinch Hitting: LHB Doe Boyland
|
0-0: Ball 1-0: Called Strike 1-1: Ball 2-1: Foul Ball, location: 2F 2-2: Foul Ball, location: 2F 2-2: Strikes out looking
|
|
Batting: LHB Bob Skube
|
0-0: Ball 1-0: Fly out, F8 (Line Drive, 8LM, EV 98.1 MPH) Runner from 3rd tags up, SCORES, throw by CF
|
|
Batting: RHB Pat Keedy
|
0-0: Ball 1-0: Called Strike 1-1: Swinging Strike 1-2: Foul Ball, location: 2F 1-2: Foul Ball, location: 2F 1-2: Ball 2-2: Foul Ball, location: 2F 2-2: Strikes out swinging
|
| Top of the 8th over - 1 run, 1 hit, 0 errors, 2 left on base; Buffalo 1 - Toledo 2 |
| BOTTOM OF THE 8TH |
|
Toledo Mud Hens batting - Pitching for Buffalo Bisons : RHP Rick Ownbey
|
|
Now at C: Pat Callahan
|
|
|
Batting: SHB Ken Henderson
|
0-0: Ball 1-0: Ball 2-0: Ball 3-0: Base on Balls
|
|
Batting: LHB Jerry Tabb
|
0-0: Called Strike Ken Henderson steals 2nd base 0-1: Swinging Strike 0-2: Ball 1-2: Ball 2-2: Foul Ball, location: 2F 2-2: Ball 3-2: Intentional Walk
|
|
Batting: RHB Milt Jefferson
|
0-0: Called Strike 0-1: SINGLE (Groundball, 6D, EV 100.0 MPH) Ken Henderson to third Jerry Tabb to second
|
|
Batting: RHB Dennis Odom
|
0-0: Called Strike 0-1: Swinging Strike 0-2: Ball 1-2: Ball 2-2: Strikes out looking
|
|
Batting: LHB George LaCoe
|
0-0: Ball 1-0: TRIPLE (Line Drive, 78XD, EV 100.6 MPH) Ken Henderson scores Jerry Tabb scores Milt Jefferson scores
|
|
Batting: RHB Gary Allenson
|
0-0: Ball 1-0: Ball 2-0: Ground out U3 (Groundball, 34S, EV 88.1 MPH) George LaCoe scores
|
|
Pitching: RHP Wade Adamson
|
|
|
Batting: RHB Al Cowens
|
0-0: Ball 1-0: Ball 2-0: Ground out 6-3 (Groundball, 6MD, EV 88.8 MPH)
|
| Bottom of the 8th over - 4 runs, 2 hits, 0 errors, 0 left on base; Buffalo 1 - Toledo 6 |
| TOP OF THE 9TH |
|
Buffalo Bisons batting - Pitching for Toledo Mud Hens : RHP Bob Stanley
|
|
Batting: RHB Stephen Chandler
|
0-0: Foul Ball, location: 2F 0-1: Foul Ball, location: 2F 0-2: Ground out 6-3 (Groundball, 56, EV 104.4 MPH)
|
|
Batting: RHB Nicholas Kintz
|
0-0: Called Strike 0-1: Reached on error, E3 (Groundball, 34S, EV 83.8 MPH)
|
|
Batting: RHB Juan Villa
|
0-0: Foul Ball, location: 2F 0-1: Ball 1-1: Swinging Strike 1-2: SINGLE (Line Drive, 56D, EV 101.3 MPH) Nicholas Kintz to second
|
|
Batting: LHB Phillip Baskerville
|
0-0: Hit by Pitch Nicholas Kintz to third Juan Villa to second
|
|
Batting: SHB George D Wright
|
0-0: Swinging Strike 0-1: Foul Ball, location: 2F 0-2: Hit by Pitch Nicholas Kintz scores Juan Villa to third Phillip Baskerville to second
|
|
Pitching: RHP Dan Quisenberry
|
|
|
Batting: LHB Gary Rajsich
|
0-0: Called Strike 0-1: Foul Ball, location: 2F 0-2: Strikes out looking
|
|
Pinch Hitting: RHB John Seefried
|
0-0: TRIPLE (Line Drive, 89XD, EV 103.8 MPH) Juan Villa scores Phillip Baskerville scores George D Wright scores
|
|
Batting: LHB Bob Skube
|
0-0: Ball 1-0: Foul Ball, location: 2F 1-1: Ball 2-1: Ball 3-1: Foul Ball, location: 2F 3-2: Foul Ball, location: 2F 3-2: Foul Ball, location: 2F 3-2: Base on Balls
|
|
Batting: RHB Pat Keedy
|
0-0: Called Strike 0-1: Ball 1-1: Ball 2-1: Called Strike 2-2: SINGLE (Line Drive, 4D, EV 95.6 MPH) John Seefried scores Bob Skube to second Runner from 2nd tries for 3rd, SAFE, no throw by CF
|
|
Batting: RHB Stephen Chandler
|
0-0: Ball 1-0: Fly out, F8 (Flyball, 8LS, EV 91.3 MPH)
|
| Top of the 9th over - 5 runs, 3 hits, 1 error, 2 left on base; Buffalo 6 - Toledo 6 |
| BOTTOM OF THE 9TH |
|
Toledo Mud Hens batting - Pitching for Buffalo Bisons : RHP Wade Adamson
|
|
Pitching: RHP John Stuper
|
|
|
Now at C: Leopoldo Ortiz
|
|
|
Batting: RHB Joey McEndree
|
0-0: Ball 1-0: Called Strike 1-1: Foul Ball, location: 2F 1-2: Foul Ball, location: 2F 1-2: Foul Ball, location: 2F 1-2: Strikes out looking
|
|
Batting: LHB Ron Diggle
|
0-0: Swinging Strike 0-1: Ball 1-1: SINGLE (Groundball, 4MD, EV 95.0 MPH)
|
|
Batting: SHB Ken Henderson
|
0-0: Ball 1-0: Fly out, F8 (Flyball, 8LXD, EV 94.4 MPH)
|
|
Batting: LHB Jerry Tabb
|
0-0: Ball 1-0: Ball 2-0: Ground out 4-3 (Groundball, 4M, EV 106.9 MPH)
|
| Bottom of the 9th over - 0 runs, 1 hit, 0 errors, 1 left on base; Buffalo 6 - Toledo 6 |
| TOP OF THE 10TH |
|
Buffalo Bisons batting - Pitching for Toledo Mud Hens : RHP Dan Quisenberry
|
|
Pitching: RHP Carlos Diaz
|
|
|
Batting: RHB Nicholas Kintz
|
0-0: Ball 1-0: Ball 2-0: Called Strike 2-1: Swinging Strike 2-2: Ball 3-2: Foul Ball, location: 2F 3-2: DOUBLE (Groundball, 5L, EV 100.6 MPH)
|
|
Batting: RHB Juan Villa
|
0-0: Intentional Walk
|
|
Batting: LHB Phillip Baskerville
|
0-0: Bunted foul 0-1: Ball 1-1: Ball 2-1: Bunted foul 2-2: Foul Ball, location: 2F 2-2: Ground out 4-3 (Groundball, 4MD, EV 106.9 MPH) Nicholas Kintz to third Juan Villa to second
|
|
Batting: SHB George D Wright
|
0-0: Ball 1-0: Foul Ball, location: 2F 1-1: DOUBLE (Groundball, 3L, EV 95.0 MPH) Nicholas Kintz scores Juan Villa scores
|
|
Batting: LHB Gary Rajsich
|
0-0: Intentional Walk
|
|
Batting: RHB Leopoldo Ortiz
|
0-0: Called Strike 0-1: Swinging Strike 0-2: Strikes out swinging
|
|
Batting: LHB Bob Skube
|
0-0: Ball 1-0: Ball 2-0: Called Strike 2-1: Foul Ball, location: 2F 2-2: SINGLE (Flyball, 34D, EV 87.5 MPH) George D Wright to third Gary Rajsich to second Runner from 3rd tries for Home, SAFE, throw by RF to home
|
|
Batting: RHB Pat Keedy
|
0-0: Ball Gary Rajsich steals 3rd base (no throw) 1-0: Ball 2-0: Fly out, F8 (Flyball, 8LM, EV 90.6 MPH)
|
| Top of the 10th over - 3 runs, 3 hits, 0 errors, 2 left on base; Buffalo 9 - Toledo 6 |
| BOTTOM OF THE 10TH |
|
Toledo Mud Hens batting - Pitching for Buffalo Bisons : RHP John Stuper
|
|
Batting: RHB Milt Jefferson
|
0-0: Swinging Strike 0-1: Ball 1-1: Ball 2-1: SOLO HOME RUN (Flyball, 7D, EV 104.4 MPH), Distance : 383 ft
|
|
Batting: RHB Dennis Odom
|
0-0: Called Strike 0-1: Called Strike 0-2: Strikes out swinging, 2-3 out at first.
|
|
Batting: LHB George LaCoe
|
0-0: Ball 1-0: Called Strike 1-1: Foul Ball, location: 2F 1-2: Ground out 4-3 (Groundball, 4, EV 106.9 MPH)
|
|
Batting: RHB Gary Allenson
|
0-0: Foul Ball, location: 2F 0-1: Fly out, F8 (Flyball, 8LM, EV 79.4 MPH)
|
| Bottom of the 10th over - 1 run, 1 hit, 0 errors, 0 left on base; Buffalo 9 - Toledo 7 |
|